 Dungeon Crawl Stone Soup version 0.30-b1-2-g02819fbbbe (webtiles) character file.

Game seed: 10522248429834257681

10805 snakesoul the Thaumaturge (level 11, -7/85 HPs)
             Began as a Djinni Conjurer on June 4, 2023.
             Was a Follower of Makhleb.
             Mangled by a boulder beetle (14 damage)
             ... on level 3 of the Lair of Beasts.
             The game lasted 00:25:21 (9710 turns).

snakesoul the Thaumaturge (Djinni Conjurer)         Turns: 9710, Time: 00:25:21

Health: -7/85      AC: 13    Str:  6    XL:     11   Next: 99%
Gold:   446        EV: 11    Int: 24    God:    Makhleb [*.....] SH:  0 Dex: 12

rFire   + + .        n - +5 woodcutter's axe
rCold   x . .        (shield currently unavailable)
rNeg    + . .        G - +2 ring mail {rN+}
rPois   ∞            m - +2 helmet
rElec   .            F - +1 cloak
rCorr   .            o - +0 pair of gloves
SInv    .            (boots unavailable)
Will    +....        (no amulet)
Stlth   +            A - ring of wizardry
HPRegen 0.34/turn    (no ring)
MPRegen 0.00/turn

%: wizardry (x1), infuse magic (-8 HP)
@: flying
A: sickness immunity, fire resistance 2, cold vulnerability 1, float, innate
caster, HP casting, extra vitality 1
a: Renounce Religion


You were on level 3 of the Lair of Beasts.
You worshipped Makhleb.
Makhleb was aware of your devotion.
You visited 3 branches of the dungeon, and saw 13 of its levels.

You collected 446 gold pieces.

Inventory:

Hand Weapons
 n - the +5 woodcutter's axe (weapon)
   (You took it off a gnoll on level 3 of the Dungeon)
Missiles
 k - a throwing net
Armour
 a - a +0 robe
 m - a +2 helmet (worn)
 o - a +0 pair of gloves (worn)
 y - a +0 cloak
 F - a +1 cloak (worn)
 G - a +2 ring mail of positive energy (worn)
Magical Staves
 z - a staff of fire
Jewellery
 A - a ring of wizardry (left hand)
 E - a ring of protection from fire
Wands
 x - a wand of digging (3)
 C - a wand of mindburst (10)
Scrolls
 b - a scroll of brand weapon {unknown}
 e - 9 scrolls of identify
 f - 2 scrolls of fear
 g - 2 scrolls of blinking
 q - a scroll of summoning {unknown}
 r - a scroll of enchant weapon {unknown}
 s - a scroll of fog
 u - a scroll of magic mapping {unknown}
 v - 2 scrolls of noise {unknown}
 B - a scroll of torment {unknown}
 D - 2 scrolls of teleportation
Potions
 c - 5 potions of curing {unknown}
 d - 3 potions of might {unknown}
 h - 3 potions of lignification
 i - 3 potions of heal wounds {unknown}
 j - a potion of magic {unknown}
 l - 3 potions of resistance {unknown}
 p - a potion of haste
 t - a potion of flight {unknown}
 w - 2 potions of degeneration {unknown}


   Skills:
 * Level 9.8 Fighting
 + Level 7.9 Dodging
 - Level 1.5 Stealth
 + Level 11.1 Spellcasting


You knew the following spells:

 Your Spells              Type           Power      Damage    Failure   Level
a - Magic Dart            Conj           100%       1d8       1%          1
b - Searing Ray           Conj           100%       2d8       1%          2
c - Dazzling Flash        Conj/Hex       100%       N/A       1%          3
d - Fulminant Prism       Conj/Hex       30%        3d16      1%          4
e - Iskenderun's Mystic   Conj/Tloc      61%        2d13      1%          4
f - Shock                 Conj/Air       100%       1d9       1%          1
g - Blink                 Tloc           100%       N/A       1%          2
h - Volatile Blastmotes   Fire/Tloc      100%       2d18      1%          3
i - Cause Fear            Hex            30%        N/A       1%          4
j - Iskenderun's Battles  Conj           61%        2d11      2%          5
Your spell library was empty.

Dungeon Overview and Level Annotations

Branches:
Dungeon (9/15)             Temple (1/1) D:7            Lair (3/5) D:8
  Swamp (0/4) Lair:2
  Snake: Lair:2-3    Spider: Lair:2-3       Orc: D:9-12

Altars:
Ashenzari
Cheibriados
Elyvilon
Hepliaklqana
Makhleb
Nemelex Xobeh
Qazlal
Wu Jian
Zin
The Shining One


Innate Abilities, Weirdness & Mutations

You are immune to sickness and miasma.
You are immune to poison.
Your flesh is very heat resistant. (rF++)
You are vulnerable to cold. (rC-)
You float through the air rather than walking.
You learn spells naturally, not from books.
Your magical power is your life essence.
You have superior vitality. (+4 MHP)


Message History

Press: ? - help, Shift-Dir - straight line, f/p - boulder beetle
Aim: a boulder beetle (almost dead, rolling, 100% to hit)
The magic dart hits the boulder beetle but does no damage.
The boulder beetle is almost dead.
* * * LOW HITPOINT WARNING * * *
Unknown command.
Casting: Magic Dart (safe; 1% risk of failure)
Confirm with . or Enter, or press ? or * to list all spells.
Aiming: Magic Dart (safe; 1% risk of failure)
Press: ? - help, Shift-Dir - straight line, f/p - boulder beetle
Aim: a boulder beetle (almost dead, rolling, 100% to hit)
The magic dart hits the boulder beetle but does no damage.
The boulder beetle is almost dead.
* * * LOW HITPOINT WARNING * * *
Unknown command.
Casting: Magic Dart (safe; 1% risk of failure)
Confirm with . or Enter, or press ? or * to list all spells.
Aiming: Magic Dart (safe; 1% risk of failure)
Press: ? - help, Shift-Dir - straight line, f/p - boulder beetle
Aim: a boulder beetle (almost dead, rolling, 100% to hit)
The magic dart hits the boulder beetle but does no damage.
The boulder beetle is almost dead.
* * * LOW HITPOINT WARNING * * *
Unknown command.
Casting: Magic Dart (safe; 1% risk of failure)
Confirm with . or Enter, or press ? or * to list all spells.
Aiming: Searing Ray (safe; 1% risk of failure)
Press: ? - help, Shift-Dir - straight line, f/p - boulder beetle
Aim: a boulder beetle (almost dead, rolling, 100% to hit)
The searing ray hits the boulder beetle!
The boulder beetle is almost dead. (Press . to maintain the ray.)
* * * LOW HITPOINT WARNING * * *
The boulder beetle closely misses you.
The boulder beetle stops rolling and uncurls.
The searing ray hits the boulder beetle but does no damage.
The boulder beetle is almost dead.
* * * LOW HITPOINT WARNING * * *
The boulder beetle bites you!
You die...

. . ~~ ## ..
~~≈ #~######.
#... ..~~
#....8.#†..
.... #.....#
.... #8.@B°+
....
#..........
.Y..
...#.8.##...#
Y... ....
##..# ...
Y... ... ....
+ .... ..
....# .... #
P.#P# ....
###### °...


You could see a boulder beetle.

Vanquished Creatures
  A bog body (Lair:2)
  2 black mambas (Lair:2)
  2 rime drakes
  7 cane toads
  3 komodo dragons
  A polar bear (Lair:1)
  Prince Ribbit (D:7)
  4 wyverns
  7 yaks
  A steam dragon (D:7)
  5 water moccasins
  A sky beast (D:7)
  An ogre (D:5)
  17 wolves
  3 centaurs
  A phantom (D:7)
  A kobold brigand (D:6)
  11 bullfrogs
  A scorpion (D:7)
  A gnoll sergeant (D:3)
  8 wights
  A howler monkey (D:4)
  3 jellies
  3 orc priests
  2 hounds
  2 sleepcaps
  2 iguanas (D:5)
  A gnoll bouda (D:7)
  2 orc wizards (D:4)
  9 gnolls
  9 adders
  A white imp (D:6)
  5 dart slugs
  12 orcs
  5 bats
  5 endoplasms
  A giant cockroach (D:1)
  4 hobgoblins
  14 kobolds
  3 quokkas
  4 ball pythons (D:1)
  A frilled lizard (D:3)
  7 goblins
  5 rats
  11 fulminant prisms
191 creatures vanquished.

Vanquished Creatures (others)
  A human (D:5)
  A butterfly (D:7)
  62 fulminant prisms
  5 fungi
  5 plants
74 creatures vanquished.

Grand Total: 265 creatures vanquished

Notes
Turn   | Place    | Note
-------+----------+-------------------------------------------
     0 | D:1      | snakesoul the Djinni Conjurer began the quest for the Orb.
     0 | D:1      | snakesoul set off with the following spells memorised:
                  | Magic Dart, Searing Ray, Dazzling Flash, Fulminant Prism,
                  | Iskenderun's Mystic Blast.
     0 | D:1      | Reached XP level 1. HP: 15/15 MP: 0/0
   143 | D:1      | Reached XP level 2. HP: 20/21 MP: 0/0
   432 | D:1      | Reached XP level 3. HP: 23/25 MP: 0/0
   432 | D:1      | Learned a level 1 spell: Shock
   728 | D:2      | Found a faded altar of an unknown god.
   811 | D:2      | Reached skill level 4 in Spellcasting
   838 | D:2      | Found a stormy altar of Qazlal.
  1306 | D:3      | Reached XP level 4. HP: 28/31 MP: 0/0
  1759 | D:3      | Reached XP level 5. HP: 26/35 MP: 0/0
  1759 | D:3      | Learned a level 2 spell: Blink
  1883 | D:3      | Reached skill level 5 in Spellcasting
  1888 | D:3      | Reached XP level 6. HP: 32/40 MP: 0/0
  2378 | D:4      | Reached skill level 6 in Spellcasting
  2756 | D:5      | Entered Level 5 of the Dungeon
  2883 | D:5      | Reached XP level 7. HP: 39/45 MP: 0/0
  2883 | D:5      | Learned a level 3 spell: Volatile Blastmotes
  3129 | D:5      | Noticed a human
  3130 | D:5      | Killed a human
  3668 | D:6      | Reached skill level 7 in Spellcasting
  3903 | D:6      | Reached XP level 8. HP: 28/50 MP: 0/0
  4036 | D:6      | Found a hazy altar of Hepliaklqana.
  4401 | D:6      | Found an ornate altar of the Wu Jian Council.
  4639 | D:7      | Found a glowing golden altar of the Shining One.
  4683 | D:7      | Reached skill level 8 in Spellcasting
  4798 | D:7      | Found a staircase to the Ecumenical Temple.
  4798 | D:7      | Noticed a wyvern
  4804 | D:7      | Killed a wyvern
  4817 | D:7      | Reached XP level 9. HP: 38/55 MP: 0/0
  4817 | D:7      | Learned a level 4 spell: Cause Fear
  4909 | Temple   | Entered the Ecumenical Temple
  4950 | Temple   | Became a worshipper of Makhleb the Destroyer
  5055 | D:7      | Found a sparkling altar of Nemelex Xobeh.
  5097 | D:7      | Found a glowing silver altar of Zin.
  5104 | D:7      | Reached skill level 9 in Spellcasting
  5390 | D:7      | Found a white marble altar of Elyvilon.
  5624 | D:7      | Noticed Prince Ribbit
  5634 | D:7      | Killed Prince Ribbit
  5924 | D:8      | Reached skill level 1 in Fighting
  6034 | D:8      | Found a staircase to the Lair.
  6551 | D:9      | Noticed a boulder beetle
  6614 | Lair:1   | Entered Level 1 of the Lair of Beasts
  6739 | Lair:1   | Reached skill level 10 in Spellcasting
  6739 | Lair:1   | Reached XP level 10. HP: 63/67 MP: 0/0
  6817 | Lair:1   | Noticed a cane toad
  6825 | Lair:1   | Killed a cane toad
  6859 | Lair:1   | Reached skill level 5 in Fighting
  6866 | Lair:1   | Noticed a komodo dragon
  6868 | Lair:1   | Reached * piety under Makhleb
  6869 | Lair:1   | Reached skill level 5 in Dodging
  7154 | Lair:1   | Noticed a rime drake
  7163 | Lair:1   | Killed a rime drake
  7263 | Lair:1   | Noticed a cane toad
  7269 | Lair:1   | Killed a cane toad
  7577 | Lair:1   | Killed a komodo dragon
  7578 | Lair:1   | Reached XP level 11. HP: 60/79 MP: 0/0
  7578 | Lair:1   | Learned a level 5 spell: Iskenderun's Battlesphere
  7861 | Lair:2   | Noticed a boulder beetle
  8481 | Lair:2   | Noticed a bog body
  8484 | Lair:2   | Killed a bog body
  8825 | Lair:2   | HP: 4/84 [spore (29)]
  9078 | Lair:2   | Reached skill level 11 in Spellcasting
  9242 | Lair:2   | Found a staircase to the Swamp.
  9469 | Lair:3   | Noticed a boulder beetle
  9479 | Lair:3   | Noticed an elephant
  9480 | Lair:3   | Noticed an elephant
  9482 | Lair:3   | Noticed an elephant
  9482 | Lair:3   | Noticed an elephant
  9483 | Lair:3   | Noticed an elephant
  9484 | Lair:3   | Noticed an elephant
  9710 | Lair:3   | Mangled by a boulder beetle

Illustrated notes

Levels and vault maps discovered:
D:1:      lightli_arrival_lavapool, layout_loops_ring
D:2:      minmay_evil_eye, layout_loops_ring, hellmonk_ecumenical_altar_blasted,
          basic_altar
D:3:      layout_rooms, pf_guarded_unrand_woodcutter
D:4:      layout_loops_ring
D:5:      layout_loops_ring, tgw_kikubaaqudgha
D:6:      layout_gridville, mainiacjoe_overflow_swirl
D:7:      layout_basic, nicolae_elyvilon_peaceful_grove,
          mainiacjoe_overflow_paths, nemelex_spade_bored_becter,
          mainiacjoe_overflow_boulevard, minmay_temple_entry_stoned_glass,
          uniq_prince_ribbit1
D:8:      layout_rooms, kennysheep_little_box, lair_entry_dummy
D:9:      layout_layer_cave, okawaru_ov_weapons_minmay, lemuel_tele_altar,
          nzn_sisyphean_effort
Temple:   minmay_temple_curvy_loop
Lair:1:   layout_cave_shapes, nicolae_quartered_pool_impasse, grunt_megastairs_2
Lair:2:   layout_big_grid, skrybe_swamp_entry_bodies, gauntlet_entry_generic,
          lemuel_fruit_fields, grunt_megastairs_5
Lair:3:   minmay_lair_oklob_chamber, layout_hall_layers, dummy_snake_entry,
          kilobyte_rumbling_trees, infiniplex_staircase_pool_2,
          grunt_megastairs_1

Skill      XL: |  1  2  3  4  5  6  7  8  9 10 11 |
---------------+----------------------------------+-----
Spellcasting   | 4 5 6 7 8 10 11 | 11.1
Fighting       | 3 7 9 |  9.8
Dodging        | 3 6 7 |  7.9
Stealth        | |  1.5

Action                     |  1- 3 |  4- 6 |  7- 9 | 10-12 || total
---------------------------+-------+-------+-------+-------++-------
   Cast: Magic Dart        |    48 |     1 |     4 |    17 ||    70
         Shock             |    14 |    77 |    81 |    67 ||   239
         Searing Ray       |       |     4 |    14 |    26 ||    44
         Volatile Blastmot |       |       |    10 |     2 ||    12
         Fulminant Prism   |       |       |    33 |    40 ||    73
         Cause Fear        |       |       |       |     5 ||     5
         Blink             |       |       |       |     1 ||     1
         Iskenderun's Batt |       |       |       |    16 ||    16
    Use: Scroll            |       |       |       |     5 ||     5
         Potion            |       |       |       |     1 ||     1
 Armour: Robe              |     1 |     4 |    16 |    11 ||    32
         Skin              |       |       |       |     2 ||     2
         Ring mail         |       |       |       |     1 ||     1
  Dodge: Dodged            |     2 |     4 |    32 |    32 ||    70
